 Dungeon Crawl Stone Soup version 0.22.1-2-g9c5b331383 (webtiles) character file.

60 Rediskos the Caller (level 3, -1/19 HPs)
             Began as a Deep Elf Summoner on Dec 3, 2018.
             Killed from afar by an orc wizard (8 damage)
             ... with a magic dart
             ... on level 3 of the Dungeon.
             The game lasted 00:08:22 (2403 turns).

Rediskos the Caller (Deep Elf Summoner)             Turns: 2403, Time: 00:08:22

Health: -1/19      AC:  2    Str:  5    XL:     3   Next: 82%
Magic:  3/10       EV: 13    Int: 20    God:
Gold:   86         SH:  0    Dex: 15    Spells: 3/9 levels left

rFire    . . .     SeeInvis .   o - +0 spear
rCold    . . .     Gourm    .   (no shield)
rNeg     . . .     Faith    .   a - +0 robe
rPois    .         Spirit   .   (no helmet)
rElec    .         Reflect  .   (no cloak)
rCorr    .         Harm     .   (no gloves)
MR       .....                  (no boots)
Stlth    ++........             (no amulet)
HPRegen  0.06/turn              (no ring)
MPRegen  0.12/turn              (no ring)

@: lethally poisoned (-1 -> -8)
A: no striking features
a: no special abilities


You were on level 3 of the Dungeon.
You were hungry.

You visited 1 branch of the dungeon, and saw 3 of its levels.

You collected 86 gold pieces.

Inventory:

Hand Weapons
 o - a +0 spear (weapon)
Armour
 a - a +0 robe (worn)
Wands
 d - a wand of polymorph (6)
Scrolls
 b - a scroll of immolation {unknown}
 e - a scroll of amnesia {unknown}
 f - 3 scrolls of identify
 g - 4 scrolls of teleportation
 h - a scroll of remove curse
 n - a scroll of fear {unknown}
Potions
 i - 2 potions of curing
 k - a potion of flight {unknown}
 l - a potion of brilliance {unknown}
 m - 2 potions of agility {unknown}
 p - a potion of heal wounds {unknown}
Comestibles
 c - 4 rations
 j - 3 chunks of flesh


   Skills:
 + Level 3.1 Dodging
 - Level 2.4 Stealth
 + Level 3.8 Spellcasting
 * Level 5.3 Summonings


You had 3 spell levels left.
You knew the following spells:

 Your Spells              Type           Power        Failure   Level  Hunger
a - Call Imp              Summ           ####....     2%          2    ##.....
b - Summon Small Mammal   Summ           ####         1%          1    None
s - Call Canine Familiar  Summ           ####....     4%          3    ###....

Your spell library contained the following spells:

 Spells                   Type           Power        Failure   Level  Hunger
 Summon Guardian Golem    Hex/Summ       ##......     13%         3    ###....
 Summon Ice Beast         Ice/Summ       ##......     41%         4    ####...
 Summon Lightning Spire   Summ/Air       ##......     41%         4    ####...


Dungeon Overview and Level Annotations

Branches:
Dungeon (3/15)

Altars:


Message History

You swap places.
You feel sick. The orc wizard barely misses you.
Your crimson imp blinks!
Your crimson imp hits the orc wizard but does no damage.
You see here a poisoned needle.
The orc wizard closely misses your crimson imp.
Your iron imp hits the orc!
The orc dies!
The orc wizard hits your crimson imp but does no damage.
Your crimson imp hits the orc wizard but does no damage.
You see here 2 poisoned needles.
Attack whom?
Press: ? - help, Dir - move target cursor, f/p - orc wizard
Aim: an orc wizard, wielding a dagger and wearing a robe (almost dead, fast)
You reach to attack!
You hit the orc wizard but do no damage.
The orc wizard is almost dead.
You feel sick.
The orc wizard points at you and mumbles some strange words.
The magic dart hits you!
You die...

#.##........#
#.#########.#
##.#.########.#
#.###.......#<#
#..#.######.#.#
#...## #.#
#..## #(#
######5.#####
#.#
#5)@(o5.....#
#.#
#)####..###.#
#.# #. #..# #.#
#5 #..# #.# #o
#..# #. #... #.
##.## #. .#


You could see an orc wizard, a friendly iron imp and 2 friendly crimson imps.

Vanquished Creatures (collateral kills)
  A worker ant (D:3)
  2 adders (D:2)
  2 worms (D:2)
  A dart slug (D:2)
  A leopard gecko (D:2)
  2 orcs (D:3)
  4 bats
  2 giant cockroaches
  5 goblins
  3 hobgoblins
  10 jackals
  3 frilled lizards
  7 kobolds
  9 rats
52 creatures vanquished.

Notes
Turn   | Place    | Note
-------+----------+-------------------------------------------
     0 | D:1      | Rediskos the Deep Elf Summoner began the quest for the Orb.
     0 | D:1      | Reached XP level 1. HP: 10/10 MP: 6/6
   542 | D:1      | Reached XP level 2. HP: 15/15 MP: 2/8
   600 | D:1      | Learned a level 2 spell: Call Imp
  1733 | D:2      | Reached skill level 5 in Summonings
  1887 | D:2      | Reached XP level 3. HP: 19/19 MP: 10/10
  2346 | D:3      | Learned a level 3 spell: Call Canine Familiar
  2403 | D:3      | Killed from afar by an orc wizard

Skill      XL: |  1  2  3 |
---------------+----------+-----
Summonings     | 5 |  5.3
Dodging        | 3 |  3.1
Stealth        | |  2.4
Spellcasting   | |  3.8

Action                   || total
-------------------------++-------
Melee: Spear             ||     1
 Cast: Summon Small Mamm ||    32
       Call Imp          ||    35
       Call Canine Famil ||     1
  Use: Scroll            ||     3
  Eat: Chunk             ||     5
Armor: Robe              ||     5
Dodge: Dodged            ||    41
